 Dungeon Crawl Stone Soup version 0.28.0-45-g0d030f2227 (webtiles) character file.

Game seed: 12648199601537903587

311101 gknikx the Phalangite (level 20, 0/189 HPs)
             Began as a Minotaur Berserker on Apr 18, 2022.
             Was a High Priest of Trog.
             Killed by the air
             ... invoked by a spriggan air mage
             ... led by the Enchantress
              (11 damage)
             ... on level 1 of the Depths on Apr 26, 2022.
             The game lasted 08:23:21 (51690 turns).

gknikx the Phalangite (Minotaur Berserker)         Turns: 51690, Time: 08:23:22

Health: 0/189      AC: 44    Str: 29    XL:     20   Next: 41%
Magic:  0/19       EV: 15    Int:  4    God:    Trog [*****.]
Gold:   3574       SH: 18    Dex: 12    Spells: 19/19 levels left

rFire   . . .      SeeInvis .   a - +8 demon trident (vamp)
rCold   + . .      Faith    .   v - +0 tower shield
rNeg    . . .      Spirit   +   n - +5 crystal plate armour {rC+}
rPois   .          Reflect  .   B - +2 hat {Will+}
rElec   .          Harm     .   g - scarf {repulsion}
rCorr   .          Rampage  .   l - +2 pair of gloves {infuse}
Will    ++...                   W - +1 pair of boots {Fly}
Stlth   ..........              H - amulet "Korexeot" {Spirit Regen+}
HPRegen 1.21/turn               h - +4 ring of protection
MPRegen 0.16/turn               Q - +4 ring of evasion

@: on berserk cooldown, flying, repel missiles
A: horns 2, retaliatory headbutt
}: 2/15 runes: decaying, gossamer
a: Renounce Religion, Berserk, Trog's Hand, Brothers in Arms


You were on level 1 of the Depths.
You worshipped Trog.
Trog was extremely pleased with you.
You visited 8 branches of the dungeon, and saw 37 of its levels.
You visited the Abyss 1 time.
You also visited: Ossuary, Bailey, Ice Cave and Volcano.

You collected 4636 gold pieces.
You spent 1062 gold pieces at shops.

Inventory:

Hand Weapons
 a - a +8 vampiric demon trident (weapon)
 d - a +4 arbalest
 e - the +2 hand crossbow "Yfush" {elec, +Blink rN+}
   (You found it on level 4 of the Lair of Beasts)

   Any ammunition fired from it occasionally discharges a powerful burst of
   electricity upon striking a foe.
   rN:        It protects you from negative energy.
   +Blink:    It lets you blink.
 q - the +8 scythe "Reegoapt" {spect, rPois rN+ Dex+3 Stlth+}
   (You found it on level 6 of the Dungeon)

   When its wielder attacks, the weapon's spirit leaps out and strikes again.
   The spirit shares a part of any damage it takes with its wielder.
   Dex:       It affects your dexterity (+3).
   rPois:     It protects you from poison.
   rN:        It protects you from negative energy.
   Stlth:     It makes you more stealthy.
 C - a +6 antimagic trident
Missiles
 A - 10 silver javelins (quivered)
 L - a throwing net
 M - 1060 bolts
Armour
 g - a scarf of repulsion (worn)
 l - a +2 pair of gloves of infusion (worn)
 n - a +5 crystal plate armour of cold resistance (worn)
 v - a +0 tower shield (worn)
 B - a +2 hat of willpower (worn)
 W - a +1 pair of boots of flying (worn)
 Z - an orb of mayhem
Jewellery
 b - an amulet of reflection
 h - a +4 ring of protection (left hand)
 o - a ring of see invisible
 H - the amulet "Korexeot" (around neck) {Spirit Regen+}
   (You bought it in a shop on level 2 of the Orcish Mines)

   [amulet of guardian spirit]

   It causes incoming damage to be divided between your reserves of health and
   magic.
   Regen:     It increases your rate of health regeneration.
 Q - a +4 ring of evasion (right hand)
Wands
 r - a wand of flame (52)
 x - a wand of acid (23)
 y - a wand of iceblast (19)
 G - a wand of paralysis (11)
 K - a wand of polymorph (22)
 X - a wand of digging (10)
Scrolls
 f - 2 scrolls of holy word
 j - a scroll of immolation
 k - 5 scrolls of fear
 t - 17 scrolls of teleportation
 u - a scroll of fog
 z - 2 scrolls of magic mapping
 O - 2 scrolls of blinking
 S - 4 scrolls of silence
 T - a scroll of enchant weapon
Potions
 c - 2 potions of heal wounds
 i - 5 potions of resistance
 m - 7 potions of curing
 p - 4 potions of cancellation
 s - 3 potions of invisibility
 J - 2 potions of magic
 P - 7 potions of ambrosia
 R - 10 potions of might
 V - 2 potions of haste


   Skills:
 * Level 18.4 Fighting
 * Level 23.1 Polearms
 + Level 12.0 Crossbows
 + Level 20.3 Armour
 + Level 18.8 Dodging
 + Level 15.0 Shields


You had 19 spell levels left.
You didn't know any spells.
Your spell library was empty.

Dungeon Overview and Level Annotations

Branches:
Dungeon (15/15)            Temple (1/1) D:6            Lair (6/6) D:8
  Swamp (4/4) Lair:2       Spider (4/4) Lair:4        Slime (0/5) Lair:6
    Orc (2/2) D:12            Elf (0/3) Orc:2        Vaults (4/5) D:14
  Crypt (0/3) Vaults:3     Depths (1/4) D:15        Ossuary (visited)
 Bailey (visited)           IceCv (visited)         Volcano (visited)

Altars:
Ashenzari
Cheibriados
Dithmenos
Elyvilon
Fedhas
Gozag
Hepliaklqana
Kikubaaqudgha
Makhleb
Nemelex Xobeh
Okawaru
Qazlal
Ru
Sif Muna
Trog
Uskayaw
Vehumet
Wu Jian
Xom
Yredelemnul
Zin
The Shining One
Beogh
Jiyva

Shops:
D:6 (   D:9 (   D:15 =   Orc:2 ?=:=*(   Vaults:1 *   Vaults:2 *   Depths:1 (=*(

Portals:
Hell: Depths:1
Ziggurat: Depths:1

Annotations:
Spider:1 Roxanne


Innate Abilities, Weirdness & Mutations

You have a pair of horns on your head.
You reflexively headbutt those who attack you in melee.


Message History

You kill the spriggan!
Trog accepts your kill.
The spriggan air mage gestures at you while chanting.
The bolt of lightning misses you.
Reach: a) +8 demon trident (vamp)
Press: ? - help, Dir - move target, f - spriggan air mage
Aim: a spriggan air mage, wearing a +0 robe (repelling missiles, about 49% to evade your +8 vampiric demon trident)
You reach to attack!
You impale the spriggan air mage!!
The spriggan air mage is moderately wounded.
The spriggan air mage waves its arms in wide circles.
The air twists around and strikes you.
Reach: a) +8 demon trident (vamp)
Press: ? - help, Dir - move target, f/p - spriggan air mage
Aim: a spriggan air mage, wearing a +0 robe (moderately wounded, repelling missiles, about 49% to evade your +8 vampiric demon trident)
You reach to attack!
You miss the spriggan air mage.
The spriggan air mage is moderately wounded.
Your troll goes berserk!
You block the spriggan air mage's attack.
The spriggan air mage waves its arms in wide circles.
The air twists around and strikes you!
* * * LOW HITPOINT WARNING * * *
The spriggan air mage gestures at you while chanting.
The bolt of lightning hits you!!!
* * * LOW HITPOINT WARNING * * *
Blink to where?
Press: ? - help, Dir - move target, p - spriggan air mage
As you read the scroll of blinking, it crumbles to dust.
You feel yourself speed up. The spriggan air mage hits your troll!
Your troll completely misses the spriggan air mage.
Your troll claws the spriggan air mage!!
Your troll claws the spriggan air mage!
The spriggan air mage dies!
Trog accepts your kill.
Trog appreciates your killing of a magic user.
As you read the scroll of fog, it crumbles to dust.
The scroll dissolves into smoke.
The spriggan air mage waves its arms in wide circles.
The air twists around and strikes you!
You die...

#).># #...#
#.....
#.[.#####...#
#.....
#.iT........#
#.....
#...........#
#.....
#...........#
#.....
#...#####...#
#..... #...#
#...# #.....
#§§§# #...#
#..... #§§@#
#...# #...+#
#§§§# #...#
... #§.§#
.....#
......#
........#
........#
........#


You could see a spriggan air mage (repels missiles) and a friendly troll
(summoned, berserk).

Vanquished Creatures
  the Enchantress (Depths:1)
  Jorgrun (D:15)
  4 sphinxes
  An Executioner (Abyss:2)
  A tentacled starspawn (Abyss:2)
  Kirke (Swamp:4)
  A thorn hunter (Swamp:3)
  The ghost of Nuqinleag the Devastator, an adept GrEE of Vehumet (Spider:3)
  3 fenstrider witches
  11 vault wardens
  8 ghost moths
  4 emperor scorpions (Spider:4)
  17 ironbound preservers
  An orc warlord (Orc:1)
  3 spriggan defenders (Depths:1)
  3 ghouls (Swamp:4)
  A reaper (IceCv)
  4 war gargoyles
  8 very ugly things
  A stone giant (Depths:1)
  9 ironbound thunderhulks
  4 eleionomae
  18 dire elephants
  2 minotaurs (D:14)
  5 entropy weavers
  8 spark wasps
  A blizzard demon (Abyss:2)
  3 bunyips
  A fire dragon (Volcano)
  4 shambling mangroves
  Fannar (Orc:1)
  28 hydras
  Josephine (Lair:5)
  3 great orbs of eyes
  An ice dragon (D:13)
  8 vault guards
  10 boulder beetles
  4 yaktaur captains
  2 catoblepae (Lair:6)
  4 ogre magi (Orc:2)
  3 peacekeepers
  2 ghost crabs
  Erica (Orc:1)
  9 ironbound frosthearts
  2 spriggan air magi
  8 alligators
  20 two-headed ogres
  6 centaur warriors
  14 death yaks
  A deep troll shaman (Lair:6)
  A deep troll earth mage (Vaults:2)
  2 tengu warriors (D:13)
  The ghost of gon the Stormcaller, a journeyman DEAE of Vehumet (D:11)
  A thrashing horror (Abyss:2)
  Sonja (D:10)
  2 spriggan berserkers
  33 slime creatures
  2 wretched stars (Abyss:2)
  2 sun moths
  3 skeletal warriors (D:14)
  4 steelbarb worms
  3 goliath frogs
  5 pharaoh ants
  2 spriggan druids
  32 deep trolls
  5 large abominations (Abyss:2)
  2 bog bodies
  12 orb spiders
  13 ironbound convokers
  5 swamp dragons
  4 wizards
  2 deep elf pyromancers
  10 lindwurms
  Pikel (D:6)
  18 ugly things
  2 orc sorcerers (Orc:2)
  16 wolf spiders
  2 necromancers
  3 cyclopes
  4 will-o-the-wisps
  2 manticores
  A fire giant zombie (Vaults:3)
  A sphinx skeleton (Vaults:3)
  7 elephants
  2 torpor snails
  An apocalypse crab (Abyss:2)
  A black mamba (shapeshifter) (D:11)
  A smoke demon (Volcano)
  A stone giant skeleton (Vaults:3)
  8 black mambas
  An ice statue (IceCv)
  14 vault sentinels
  3 gargoyles
  17 cane toads
  5 rime drakes
  2 unseen horrors
  13 komodo dragons
  8 demonic crawlers
  42 yaktaurs
  An efreet (D:15)
  An anaconda simulacrum (IceCv)
  A kobold demonologist (D:13)
  2 entropy weaver simulacra (IceCv)
  A tengu conjurer (D:14)
  12 meliai
  2 freezing wraiths
  10 polar bears
  A merfolk (shapeshifter) (D:15)
  17 tarantellas
  5 trolls
  A harpy skeleton (Abyss:2)
  21 hornets
  2 bloated husks (Swamp:3)
  4 raiju (Abyss:2)
  4 tyrant leeches
  Prince Ribbit (D:8)
  3 blink frogs (Lair:5)
  A meliai zombie (D:10)
  26 jumping spiders
  4 wyverns
  4 wraiths
  4 shadows
  15 culicivoras
  2 ynoxinuls (Abyss:2)
  14 spriggans
  3 vampires (Bailey)
  3 water elementals
  4 hogs (Swamp:4)
  51 yaks
  6 basilisks
  3 dire elephant simulacra (IceCv)
  A chaos spawn (Abyss:2)
  7 steam dragons
  Eustachio (D:5)
  18 vampire mosquitoes
  40 redbacks
  Menkaure (D:4)
  5 wargs
  A small abomination (Abyss:2)
  6 acid dragons
  5 water moccasins
  2 hell hounds (Volcano)
  2 harpy simulacra (IceCv)
  15 swamp worms
  16 orc warriors
  A sky beast (D:6)
  12 swamp drakes
  An ice beast (Vaults:4)
  7 black bears
  26 ogres
  7 boggarts
  12 wolves
  A necrophage (D:4)
  5 centaurs
  A phantom (D:6)
  3 lemures (D:6)
  2 kobold brigands
  16 bullfrogs
  An ogre simulacrum (Vaults:3)
  A human skeleton (Vaults:3)
  3 cane toad simulacra (IceCv)
  6 scorpions
  9 two-headed ogre simulacra (IceCv)
  5 wights
  3 elephant simulacra (IceCv)
  5 spriggan skeletons (D:11)
  A troll skeleton (D:11)
  6 vampire bats (Bailey)
  5 howler monkeys
  5 wolf zombies (Bailey)
  4 electric eels (Spider:3)
  A quasit (Abyss:2)
  3 centaur zombies
  A jelly (D:5)
  9 orc priests
  2 bullfrog skeletons
  A hound (D:5)
  2 iron imps (Abyss:2)
  6 iguanas
  Natasha (D:4)
  9 orc wizards
  A polar bear simulacrum (IceCv)
  8 troll simulacra (IceCv)
  5 spriggan simulacra
  A hound zombie (D:5)
  8 mummies (Ossuary)
  13 gnolls
  10 adders
  5 naga simulacra (IceCv)
  7 white imps
  6 ufetubi
  A worm (D:2)
  A dart slug (D:3)
  59 orcs
  8 ball pythons
  5 endoplasms
  2 giant cockroaches
  2 gnoll zombies (Ossuary)
  9 goblins
  5 hobgoblins
  5 jackals
  4 quokkas
  4 bats
  4 frilled lizards
  A hobgoblin zombie (Ossuary)
  14 kobolds
  2 kobold zombies (Ossuary)
  21 orc zombies
  3 rats
  A briar patch (Swamp:3)
  A fungus (Lair:6)
  A lurking horror (Abyss:2)
1330 creatures vanquished.

Vanquished Creatures (collateral kills)
  Rupert (Lair:5)
  Mlioglotl (Swamp:1)
  A dire elephant (Vaults:1)
  A vault guard (Vaults:3)
  A spriggan air mage (Depths:1)
  Urug (D:11)
  A deep troll (Vaults:3)
  A bog body (Swamp:4)
  A swamp dragon (Swamp:4)
  2 ironbound convokers
  A blink frog (Lair:5)
  A swamp worm (Lair:2)
  A swamp drake (Swamp:4)
14 creatures vanquished.

Vanquished Creatures (others)
  An alligator (Swamp:3)
  A lindwurm (Volcano)
  A bloated husk (Swamp:1)
  A slime creature (D:14)
  A merfolk simulacrum (Abyss:2)
  2 boggarts (Vaults:2)
  16 foxfires (Swamp:1)
  23 fungi
  53 plants
  4 starspawn tentacles (Abyss:2)
103 creatures vanquished.

Grand Total: 1447 creatures vanquished

Notes
Turn   | Place    | Note
-------+----------+-------------------------------------------
     0 | D:1      | gknikx the Minotaur Berserker began the quest for the Orb.
     0 | D:1      | Reached XP level 1. HP: 19/19 MP: 0/0
   209 | D:1      | Reached XP level 2. HP: 23/27 MP: 1/1
   519 | D:1      | Reached skill level 4 in Polearms
   525 | D:1      | Found a faded altar of an unknown god.
   874 | D:2      | Reached XP level 3. HP: 33/33 MP: 2/2
  1427 | D:2      | Reached ** piety under Trog
  1682 | D:2      | Reached XP level 4. HP: 39/40 MP: 3/3
  2526 | D:3      | Found a hazy altar of Hepliaklqana.
  2618 | D:3      | Reached skill level 5 in Polearms
  2618 | D:3      | Reached XP level 5. HP: 34/47 MP: 4/4
  3419 | D:4      | Noticed Menkaure
  3732 | D:4      | Noticed Natasha
  3740 | D:4      | Killed Natasha
  3933 | D:4      | Noticed a necrophage
  3937 | D:4      | Killed a necrophage
  3938 | D:4      | Reached XP level 6. HP: 53/53 MP: 5/5
  3987 | D:5      | Entered Level 5 of the Dungeon
  4215 | D:4      | Killed Menkaure
  4216 | D:4      | Reached skill level 5 in Fighting
  4216 | D:4      | Reached skill level 6 in Polearms
  4216 | D:4      | Reached skill level 5 in Armour
  4784 | D:4      | Reached XP level 7. HP: 61/61 MP: 6/6
  5200 | D:5      | Found a broken altar of Ashenzari.
  5773 | D:5      | Reached skill level 7 in Polearms
  5858 | D:5      | Found an ornate altar of the Wu Jian Council.
  5860 | D:5      | Found a shimmering blue altar of Sif Muna.
  6034 | D:6      | Noticed Eustachio
  6065 | D:5      | Reached XP level 8. HP: 36/70 MP: 7/7
  6111 | D:5      | Killed Eustachio
  6112 | D:5      | Reached skill level 5 in Dodging
  6587 | D:6      | Identified the +8 scythe "Reegoapt" {spect, rPois rN+ Dex+3
                  | Stlth+}
  6727 | D:6      | Found Deoxeket's Antique Weapon Boutique.
  6730 | D:6      | Reached skill level 8 in Polearms
  6766 | D:6      | Found an opulent altar of Gozag.
  6793 | D:6      | Found a sacrificial altar of Ru.
  6904 | D:6      | Reached *** piety under Trog
  6980 | D:6      | Noticed Pikel
  7026 | D:6      | Killed Pikel
  7027 | D:6      | Reached XP level 9. HP: 80/80 MP: 8/8
  7076 | D:6      | Found a staircase to the Ecumenical Temple.
  7086 | Temple   | Entered the Ecumenical Temple
  7579 | D:7      | Found a sand-covered staircase.
  7771 | D:7      | Found a basalt altar of Yredelemnul.
  7930 | Ossuary  | Entered an ossuary
  7950 | Ossuary  | Reached skill level 9 in Polearms
  8534 | D:6      | Bought a glowing demon trident for 522 gold pieces
  8755 | D:8      | Reached **** piety under Trog
  8877 | D:8      | Noticed Prince Ribbit
  8881 | D:8      | Killed Prince Ribbit
  9025 | D:8      | Found a staircase to the Lair.
  9323 | D:9      | Noticed a troll
  9329 | D:9      | Reached skill level 10 in Polearms
  9329 | D:9      | Reached skill level 1 in Crossbows
  9329 | D:9      | Reached XP level 10. HP: 90/90 MP: 9/9
  9332 | D:9      | Noticed a two-headed ogre
  9345 | D:9      | Killed a two-headed ogre
  9346 | D:9      | Reached skill level 10 in Armour
  9473 | D:9      | Identified the ring of the Empire {Contam +Blink Str+6
                  | Int+3}
  9735 | D:9      | Found Plog's Weapon Boutique.
 10057 | D:10     | Entered Level 10 of the Dungeon
 10057 | D:10     | Noticed Sonja
 10065 | D:10     | Killed Sonja
 10106 | D:10     | Found an ancient bone altar of Kikubaaqudgha.
 10194 | D:10     | Reached skill level 11 in Polearms
 10196 | D:10     | Found a flagged portal.
 10265 | Bailey   | Entered a bailey
 10431 | Bailey   | Reached ***** piety under Trog
 10456 | Bailey   | Noticed a gargoyle
 10461 | Bailey   | Killed a gargoyle
 10467 | Bailey   | Reached XP level 11. HP: 99/99 MP: 10/10
 10805 | D:10     | Noticed a two-headed ogre
 10810 | D:10     | Killed a two-headed ogre
 11198 | D:10     | Reached skill level 10 in Fighting
 11611 | D:10     | Identified the +3 chain mail "Iptiem" {rN+ Will+}
 11889 | D:11     | Noticed an eight-headed hydra
 11898 | D:11     | Killed an eight-headed hydra
 11899 | D:11     | Reached skill level 12 in Polearms
 11902 | D:11     | Identified the +12 spear of Qeyta Hyol {flame, *Corrode
                  | Str+6}
 11905 | D:11     | Found a runed translucent gate.
 11907 | D:11     | Found a runed translucent gate.
 11907 | D:11     | Found a runed translucent gate.
 11917 | D:11     | Noticed gon's ghost (journeyman DEAE)
 12104 | D:11     | Noticed a boulder beetle
 12108 | D:11     | Killed a boulder beetle
 12457 | D:11     | Noticed Urug
 12468 | D:11     | Killed Urug
 12469 | D:11     | Reached skill level 5 in Crossbows
 12707 | D:11     | Noticed an eight-headed hydra
 12714 | D:11     | Killed a nine-headed hydra
 12913 | Lair:1   | Entered Level 1 of the Lair of Beasts
 13058 | Lair:1   | Reached skill level 13 in Polearms
 13263 | Lair:1   | Noticed an eight-headed hydra
 13270 | Lair:1   | Killed an eight-headed hydra
 13271 | Lair:1   | Reached XP level 12. HP: 108/108 MP: 7/11
 13860 | Lair:2   | Noticed an eight-headed hydra
 13870 | Lair:2   | Killed an eight-headed hydra
 14025 | Lair:2   | Noticed a six-headed hydra
 14037 | Lair:2   | Killed a six-headed hydra
 14041 | Lair:2   | Reached skill level 10 in Dodging
 14538 | Lair:2   | Reached skill level 14 in Polearms
 14649 | Lair:2   | Received a gift from Trog
 14875 | Lair:2   | Noticed a seven-headed hydra
 14883 | Lair:2   | Killed a seven-headed hydra
 14892 | Lair:2   | Found a staircase to the Swamp.
 15183 | Lair:3   | You fall into a shaft and drop 2 floors!
 15309 | Lair:5   | Noticed a seven-headed hydra
 15314 | Lair:5   | Killed a ten-headed hydra
 15337 | Lair:5   | Reached XP level 13. HP: 109/117 MP: 10/12
 15591 | Lair:4   | Found a hole to the Spider Nest.
 16362 | Lair:4   | Reached skill level 15 in Polearms
 16471 | Lair:4   | Identified the +2 hand crossbow "Yfush" {elec, +Blink rN+}
 17210 | Lair:5   | Reached skill level 15 in Armour
 17502 | Lair:5   | Noticed Rupert
 17517 | Lair:5   | Killed Rupert
 17746 | Lair:5   | Noticed Josephine
 17750 | Lair:5   | Killed Josephine
 17751 | Lair:5   | Reached skill level 1 in Shields
 18169 | Lair:6   | Entered Level 6 of the Lair of Beasts
 18187 | Lair:6   | Found a dark tunnel.
 18200 | Volcano  | Entered a volcano
 18285 | Volcano  | Reached skill level 16 in Polearms
 18289 | Volcano  | Reached XP level 14. HP: 109/127 MP: 7/13
 18783 | Lair:6   | Found a viscous altar of Jiyva.
 18783 | Lair:6   | Found a staircase to the Slime Pits.
 19213 | Lair:6   | Reached skill level 5 in Shields
 20500 | D:11     | Killed gon's ghost
 20570 | D:12     | Received a gift from Trog
 20596 | D:12     | Found a staircase to the Orcish Mines.
 20833 | D:12     | Reached skill level 17 in Polearms
 21195 | D:12     | Identified the +2 helmet of Racoil {Harm Will+}
 21402 | Orc:1    | Entered Level 1 of the Orcish Mines
 21582 | Orc:2    | Entered Level 2 of the Orcish Mines
 21612 | Orc:2    | Found a staircase to the Elven Halls.
 21931 | Orc:1    | Reached XP level 15. HP: 44/136 MP: 7/14
 22082 | Orc:2    | Received a gift from Trog
 22159 | Orc:1    | Noticed Fannar
 22170 | Orc:1    | Noticed an orc warlord
 22319 | Orc:2    | Found Jixuc's CLEARANCE SALE!.
 22334 | Orc:2    | Bought a scroll of enchant weapon for 37 gold pieces
 22654 | Orc:2    | Found Hofroo Gorgh's Jewellery Boutique.
 22654 | Orc:2    | Found Angien Jogo's Jewellery Emporium.
 22661 | Orc:2    | Found Pecvi's Magic Scroll Shoppe.
 22661 | Orc:2    | Found Vixesod's Book Boutique.
 22669 | Orc:2    | Bought a scroll of identify for 32 gold pieces
 22669 | Orc:2    | Bought a scroll of identify for 32 gold pieces
 22669 | Orc:2    | Bought a scroll of identify for 32 gold pieces
 22671 | Orc:2    | Bought the amulet "Korexeot" {Spirit Regen+} for 407 gold
                  | pieces
 22743 | Orc:2    | Found Ucoptig's Weapon Shop.
 23175 | Orc:1    | Killed Fannar
 23209 | Orc:1    | Killed an orc warlord
 23347 | Orc:1    | Noticed Erica
 23351 | Orc:1    | Killed Erica
 23399 | Orc:1    | Found a shimmering altar of Xom.
 23680 | D:13     | Found a frozen archway.
 23725 | IceCv    | Entered an ice cave
 23913 | IceCv    | Received a gift from Trog
 24458 | IceCv    | Identified the +0 hat "Arorezes" {rElec Regen+ Str-3
                  | Stlth+}
 24491 | IceCv    | Reached skill level 18 in Polearms
 25358 | D:13     | Received a gift from Trog
 26168 | D:14     | Reached skill level 10 in Shields
 26181 | D:14     | Found a gate to the Vaults.
 26889 | D:14     | Identified the +1 robe of Shadows and Fog {rElec rF- Will-
                  | rCorr}
 27251 | D:14     | Received a gift from Trog
 27560 | D:14     | Reached XP level 16. HP: 143/147 MP: 12/15
 28175 | D:14     | Found a bloodstained altar of Trog.
 28300 | D:15     | Entered Level 15 of the Dungeon
 28757 | D:15     | Reached skill level 19 in Polearms
 28893 | D:15     | Found a staircase to the Depths.
 28973 | D:15     | Found Ofihuweq's Jewellery Boutique.
 29118 | D:15     | Noticed Jorgrun
 29134 | D:15     | Killed Jorgrun
 29599 | Spider:1 | Entered Level 1 of the Spider Nest
 29700 | Spider:1 | Received a gift from Trog
 30434 | Spider:1 | Identified Roxanne's Incunabulum of Shape Shifting
 30434 | Spider:1 | Noticed Roxanne
 31535 | Spider:2 | Reached skill level 15 in Fighting
 32040 | Spider:3 | Reached ****** piety under Trog
 32579 | Spider:3 | Received a gift from Trog
 32943 | Spider:3 | Found a runed translucent door.
 32944 | Spider:3 | Noticed Nuqinleag's ghost (adept GrEE)
 33013 | Spider:3 | Identified the ring of Ascent {rElec MP+9}
 33474 | Spider:3 | Reached XP level 17. HP: 156/156 MP: 13/16
 33757 | Spider:3 | Killed Nuqinleag's ghost
 33763 | Spider:3 | Identified the +6 hunting sling "Rycifefuf" {flame, *Slow
                  | rF+ rN+ Stlth+}
 33888 | Spider:4 | Entered Level 4 of the Spider Nest
 34103 | Spider:4 | Reached skill level 10 in Crossbows
 34214 | Spider:4 | Reached skill level 15 in Dodging
 34307 | Spider:4 | Reached skill level 20 in Polearms
 34806 | Spider:4 | Received a gift from Trog
 35198 | Spider:4 | Got a gossamer rune of Zot
 36307 | Swamp:1  | Entered Level 1 of the Swamp
 37092 | Swamp:1  | Noticed Mlioglotl
 37099 | Swamp:1  | Killed Mlioglotl
 37423 | Swamp:2  | Identified the +5 glaive "Zamigait" {vorpal, rPois Stlth+}
                  | (Trog gifted it to you on level 2 of the Swamp)
 37423 | Swamp:2  | Received a gift from Trog
 38270 | Swamp:3  | Reached skill level 21 in Polearms
 38662 | Swamp:3  | Reached XP level 18. HP: 100/166 MP: 3/17
 38981 | Swamp:4  | Entered Level 4 of the Swamp
 39672 | Swamp:4  | Noticed Kirke
 39924 | Swamp:4  | Killed Kirke
 40774 | Swamp:4  | Got a decaying rune of Zot
 41152 | Vaults:1 | Entered Level 1 of the Vaults
 41548 | Vaults:1 | Found Res Capt's Assorted Antiques.
 41617 | Vaults:1 | Identified the +3 leather armour of Twilight {Harm *Slow
                  | rC+ rCorr}
 41912 | Vaults:1 | Identified the +5 spear "Cofamn Afuu" {vorpal, rC- rN+
                  | SInv} (Trog gifted it to you on level 1 of the Vaults)
 41912 | Vaults:1 | Received a gift from Trog
 43212 | Vaults:2 | Found Vute's Assorted Antiques.
 43333 | Vaults:2 | Reached skill level 22 in Polearms
 43353 | Vaults:2 | Reached XP level 19. HP: 167/174 MP: 0/18
 44098 | Vaults:2 | Identified a scroll of acquirement
 44178 | Vaults:2 | Identified the ring of Vampiric Thralls {Ice rCorr Str-2
                  | Int+2}
 44588 | Vaults:2 | Received a gift from Trog
 45243 | Vaults:3 | Cast into level 2 of the Abyss (a wizard)
 45560 | Abyss:2  | Paralysed by you for 4 turns
 45658 | Vaults:3 | Escaped the Abyss
 46091 | Vaults:3 | Received a gift from Trog
 47452 | Vaults:3 | Found a staircase to the Crypt.
 47452 | Vaults:3 | Found an ancient bone altar of Kikubaaqudgha.
 47452 | Vaults:3 | Found a basalt altar of Yredelemnul.
 48623 | Vaults:4 | Reached skill level 15 in Shields
 48628 | Vaults:4 | Paralysed by a sphinx for 4 turns
 48666 | Vaults:3 | Reached XP level 20. HP: 76/187 MP: 1/19
 48669 | Vaults:3 | Received a gift from Trog
 49960 | Vaults:4 | Reached skill level 23 in Polearms
 51104 | Vaults:4 | Acquired the +0 cloak "Ureuraiw" {rF+ Str+4 Int+4 Dex-3}
 51504 | Depths:1 | Entered Level 1 of the Depths
 51519 | Depths:1 | Found a gateway to Hell.
 51523 | Depths:1 | Found a one-way gateway to a ziggurat.
 51532 | Depths:1 | Found Olaaze's Weapon Shoppe.
 51534 | Depths:1 | Found Meex's Assorted Antiques.
 51534 | Depths:1 | Found Poytuqimu's Jewellery Emporium.
 51539 | Depths:1 | Found Isuigutao's Antique Weapon Emporium.
 51641 | Depths:1 | Noticed the Enchantress
 51666 | Depths:1 | Received a gift from Trog
 51669 | Depths:1 | Killed the Enchantress
 51688 | Depths:1 | HP: 8/189 [spriggan air mage/bolt of lightning[the
                  | Enchantress] (39)]
 51690 | Depths:1 | Killed from afar by a spriggan air mage

Illustrated notes

Levels and vault maps discovered:
D:1:      grunt_arrival_crossed_arrows, layout_loops_cross,
          basic_ecumenical_altar
D:2:      layout_basic
D:3:      layout_basic, nicolae_hepliaklqana_hazy_memory,
          serial_co_window_serial, co_window_paths_a, co_window_paths_b,
          co_window_cross_1, co_window_of_opportunity_a, co_window_corner_a,
          co_window_broadway_c, co_window_corner_cb, co_window_corner_cb,
          co_window_broadway_c, co_window_2corner, co_window_corner_b,
          glass_columns_b
D:4:      layout_basic, uniq_menkaure, uniq_natasha
D:5:      layout_rooms, mainiacjoe_overflow_alcove_1, nicolae_overflow_squiral
D:6:      layout_rooms, nicolae_ru_awakened_eye, general_overflow_altar,
          minmay_temple_entry_fiery, serial_shops, shop,
          kennysheep_generic_room_14, uniq_pikel, uniq_eustachio
D:7:      layout_basic, mainiacjoe_overflow_alcove_4,
          lightli_ossuary_entry_decrepit_ruins, st_stairs_3, lemuel_old_faithful
D:8:      layout_loops_cross, grunt_lair_entry_orc_guard_hut,
          uniq_prince_ribbit1
D:9:      layout_loops_ring, serial_shops, nicolae_shop_stone, nicolae_sextant
D:10:     layout_loops_corners, lemuel_crystal_altar, enter_bailey_6, uniq_sonja
D:11:     layout_long_grid, gammafunk_ghost_spectres, hangedman_tell_no_tales,
          uniq_urug
D:12:     layout_basic, david_orc_3
D:13:     layout_roguey, portal_ice_cave_entry_animals_and_master
D:14:     fort_yaktaur, layout_basic, david_vaults_1, trog_hazing_becter
D:15:     hangedman_depths_entry_try_elsewhere_first, layout_basic,
          serial_shops, nicolae_shop_hallway_plus, serial_bayou_ford_a,
          uniq_jorgrun
Temple:   minmay_temple_curvy_branch
Lair:1:   layout_cellular_growth
Lair:2:   layout_chaotic_city, palyth_hydra_swamp_entry, nicolae_lair_lindhole
Lair:3:   layout_roguey, serial_bayou, serial_bayou_pond_e,
          serial_bayou_lagoon_a, serial_bayou_crossing, serial_bayou_pond_a,
          serial_bayou_pond_d
Lair:4:   layout_regular_city, spider_nest_entry_webs, guppyfry_lair_drakes,
          lemuel_fruit_fields, grunt_megastairs_3
Lair:5:   layout_cave_pods, beast_lair_carwin_10, uniq_rupert, uniq_josephine
Lair:6:   grunt_lair_end_beastmaster, layout_layer_cave, slime_altar_1,
          enter_volcano_1, kilobyte_rumbling_trees
Swamp:1:  layout_basic_swamp, evilmike_swamp_ruin_rubble_2, swamp_pool3,
          infiniplex_staircase_pool, uniq_mlioglotl
Swamp:2:  layout_basic_swamp, evilmike_swamp_ruin_house_1
Swamp:3:  layout_basic_swamp, nicolae_swamp_trees_clearing
Swamp:4:  swamp_basic_johnstein, layout_basic_swamp, swamp_pool4, uniq_kirke
Spider:1: layout_spider_delve, uniq_roxanne
Spider:2: layout_spider_delve, nicolae_spider_nook
Spider:3: layout_chambers, gammafunk_ghost_grave, drop_trap,
          nicolae_spider_bzzzt
Spider:4: spider_rune_water
Orc:1:    layout_caves, hangedman_feature_mirror, uniq_erica, uniq_fannar
Orc:2:    st_orc_ogre_mass, layout_caves, serial_shops,
          nicolae_shop_bloodbath_and_beyond, nicolae_shop_clearance
Vaults:1: vaults_mumra_hex, nicolae_vaults_angled_halls,
          nicolae_vaults_angled_halls, v_rooms_3, v_alt_pattern_2,
          nicolae_vaults_rhombus_6, layout_vaults_omnigrid, serial_shops,
          nicolae_shop_hallway_stairs
Vaults:2: ontoclasm_vaults_misaligned, ontoclasm_vaults_spin, v_alt_pattern_6,
          v_alt_pattern_5, hangedman_vaults_slither, v_alt_pattern_3,
          vaults_mumra_chevron_long, nicolae_vaults_sealed_display,
          serial_ice_b, hangedman_vaults_maws, st_lines, vaults_room_pool,
          nicolae_vaults_angled_halls, layout_vaults_omnibox, serial_shops, shop
Vaults:3: v_misc_18, minmay_crypt_entry_necro_gods,
          hangedman_vaults_corner_blocks, v_misc_2, grunt_vaults_funnel,
          nicolae_vaults_angled_halls, vaults_dpeg_encased_lava,
          v_alt_pattern_1, vaults_room_door_ring, ontoclasm_vaults_shuriken,
          v_misc_27, layout_vaults_omnicross
Vaults:4: hangedman_vaults_variations, vaults_mumra_minichess,
          nicolae_vaults_mini_display_case, hangedman_vaults_stagger, v_misc_24,
          nicolae_vaults_theta, nicolae_vaults_little_squares_6, v_pattern_1,
          hangedman_vaults_nails, serial_ice_b, layout_vaults_ring
Depths:1: layout_long_grid, enter_ziggurat_a, hell_entry,
          chequers_serial_rivers_room_a, minivault_10, minmay_multi_spiral,
          minmay_shoptagon, uniq_enchantress

Skill      XL: |  1  2  3  4  5  6  7  8  9 10 11 12 13 14 15 16 17 18 19 20 |
---------------+-------------------------------------------------------------+-----
Polearms       | 4 5 6 7 8 10 11 13 14 16 17 18 19 21 22 23 | 23.1
Armour         | 3 4 5 6 8 9 11 12 14 15 16 17 18 19 20 | 20.3
Fighting       | 4 5 6 7 8 9 10 11 12 13 14 15 16 17 18 | 18.4
Dodging        | 3 4 6 7 8 9 10 11 12 13 14 16 17 18 | 18.8
Crossbows      | 1 3 5 7 8 9 10 11 12 | 12.0
Shields        | 2 8 10 12 13 15 | 15.0

Action                   |  1- 3 |  4- 6 |  7- 9 | 10-12 | 13-15 | 16-18 | 19-21 || total
-------------------------+-------+-------+-------+-------+-------+-------+-------++-------
Melee: Spear             |    90 |   136 |   116 |       |       |       |       ||   342
       Headbutt          |     7 |    19 |    34 |    46 |   130 |   302 |   314 ||   852
       Punch             |     1 |     1 |     4 |     1 |       |     5 |       ||    12
       Scythe            |       |       |    91 |   215 |   478 |   332 |       ||  1116
       Demon trident     |       |       |       |    44 |   245 |   934 |  1063 ||  2286
       Hand crossbow     |       |       |       |       |     1 |       |       ||     1
       Unarmed           |       |       |       |       |       |    18 |       ||    18
 Fire: Shortbow          |       |       |     1 |       |       |       |       ||     1
       Hand crossbow     |       |       |       |    31 |   224 |   164 |    18 ||   437
       Arbalest          |       |       |       |       |    13 |   172 |       ||   185
Throw: Dart              |       |       |     1 |       |     7 |     4 |       ||    12
       Javelin           |       |       |       |       |       |     4 |       ||     4
Invok: Berserk           |     1 |     2 |     2 |     5 |     7 |     7 |     4 ||    28
       Trog's Hand       |       |     1 |       |     1 |     1 |     1 |       ||     4
       Brothers in Arms  |       |       |       |     2 |     1 |     4 |     2 ||     9
 Abil: Evoke Blink       |       |       |       |       |       |     2 |       ||     2
Evoke: Wand              |       |       |       |     3 |     9 |       |     1 ||    13
  Use: Scroll            |       |       |    14 |     4 |    20 |    13 |     5 ||    56
       Potion            |       |       |     1 |     1 |     2 |     8 |     2 ||    14
 Stab: Sleeping          |     1 |       |     1 |       |       |       |       ||     2
       Distracted        |       |       |     4 |     1 |     5 |     7 |       ||    17
       Petrified         |       |       |       |       |     1 |       |       ||     1
Armor: Animal skin       |     4 |       |       |       |       |       |       ||     4
       Robe              |     2 |     3 |     2 |       |       |       |       ||     7
       Ring mail         |       |       |    42 |       |       |       |       ||    42
       Skin              |       |       |     2 |       |       |       |       ||     2
       Plate armour      |       |       |     1 |   128 |   277 |       |       ||   406
       Crystal plate arm |       |       |       |       |   133 |   832 |   468 ||  1433
Dodge: Dodged            |    44 |    65 |   123 |   103 |   303 |   616 |   369 ||  1623
       Repelled          |       |       |       |       |       |    11 |     4 ||    15
Block: Tower shield      |       |       |       |       |   148 |   505 |   695 ||  1348
